TOP OF THE 1ST |
Brooklyn Dodgers batting - Pitching for Chicago Gold Sox : RHP Tom McKee
|
Pitching: RHP Tom McKee
|
|
Batting: LHB Ki-tak Im
|
0-0: Ground out U3 (Groundball, 34S)
|
Batting: LHB Mysterious Walker
|
0-0: Ground out U3 (Groundball, 3)
|
Batting: LHB Jérôme Masson
|
0-0: Foul Ball, location: 2F 0-1: Ball 1-1: Fly out, F7 (Flyball, 7S)
|
Top of the 1st over - 0 runs, 0 hits, 0 errors, 0 left on base; Brooklyn 0 - Chicago 0 |
BOTTOM OF THE 1ST |
Chicago Gold Sox batting - Pitching for Brooklyn Dodgers : RHP Jesús Acosta
|
Pitching: RHP Jesús Acosta
|
|
Batting: LHB Stanley Belote
|
0-0: Swinging Strike 0-1: Called Strike 0-2: Ball 1-2: Foul Ball, location: 2F 1-2: Ball 2-2: DOUBLE (Line Drive, 9LD)
|
Batting: RHB Zeus Preckwinkle
|
0-0: Ground out 1-3 (Groundball, 13) Stanley Belote to third
|
Batting: LHB Melvin Castro
|
0-0: Ball 1-0: Ground out 4-3 (Groundball, 4) Stanley Belote scores
|
Batting: LHB Dewitt Hopper
|
0-0: Ball 1-0: Swinging Strike 1-1: Foul Ball, location: 2F 1-2: Ground out 4-3 (Groundball, 34D)
|
Bottom of the 1st over - 1 run, 1 hit, 0 errors, 0 left on base; Brooklyn 0 - Chicago 1 |
TOP OF THE 2ND |
Brooklyn Dodgers batting - Pitching for Chicago Gold Sox : RHP Tom McKee
|
Batting: LHB Manuel Carmona
|
0-0: Fly out, F4 (Popup, 4)
|
Batting: RHB Brent Ryan
|
0-0: DOUBLE (Line Drive, 8LXD)
|
Batting: RHB Ulbert Sutkamp
|
0-0: Ball 1-0: Foul Ball, location: 2F 1-1: Ball 2-1: Ball 3-1: Foul Ball, location: 2F 3-2: Strikes out looking
|
Batting: SHB Juan Rivas
|
0-0: Called Strike 0-1: DOUBLE (Flyball, 8RXD) Brent Ryan scores
|
Batting: RHB Chandler Bailey
|
0-0: Called Strike 0-1: Swinging Strike 0-2: Fly out, F9 (Flyball, 89S)
|
Top of the 2nd over - 1 run, 2 hits, 0 errors, 1 left on base; Brooklyn 1 - Chicago 1 |
BOTTOM OF THE 2ND |
Chicago Gold Sox batting - Pitching for Brooklyn Dodgers : RHP Jesús Acosta
|
Batting: SHB Lupo Cotto
|
0-0: Ball 1-0: Swinging Strike 1-1: SINGLE (Flyball, 8RS)
|
Batting: RHB Manuel Guillama
|
0-0: Called Strike 0-1: Fly out, F6 (Popup, P)
|
Batting: LHB Naohiro Sakai
|
0-0: Ball 1-0: Called Strike 1-1: DOUBLE (Line Drive, 9LD) Lupo Cotto to third
|
Batting: RHB Ben Kennerly
|
0-0: Reached on error, E3 (Groundball, 34) Lupo Cotto scores Naohiro Sakai to third
|
Batting: LHB Sergio Rodríguez
|
0-0: Ball 1-0: Called Strike 1-1: Ball Ben Kennerly is caught stealing 2nd base 2-1: Fly out, F9 (Line Drive, 89M)
|
Bottom of the 2nd over - 1 run, 2 hits, 1 error, 1 left on base; Brooklyn 1 - Chicago 2 |
TOP OF THE 3RD |
Brooklyn Dodgers batting - Pitching for Chicago Gold Sox : RHP Tom McKee
|
Batting: RHB Vincent Crane
|
0-0: Called Strike 0-1: Ground out 6-3 (Groundball, 6)
|
Batting: LHB Ki-tak Im
|
0-0: Called Strike 0-1: Ball 1-1: Called Strike 1-2: Ground out U3 (Groundball, 3)
|
Batting: LHB Mysterious Walker
|
0-0: Ball 1-0: Foul Ball, location: 2F 1-1: Fly out, F8 (Flyball, 8LD)
|
Top of the 3rd over - 0 runs, 0 hits, 0 errors, 0 left on base; Brooklyn 1 - Chicago 2 |
BOTTOM OF THE 3RD |
Chicago Gold Sox batting - Pitching for Brooklyn Dodgers : RHP Jesús Acosta
|
Batting: LHB Stanley Belote
|
0-0: Called Strike 0-1: Ground out 4-3 (Groundball, 4)
|
Batting: RHB Zeus Preckwinkle
|
0-0: Ball 1-0: Called Strike 1-1: Swinging Strike 1-2: Ball 2-2: Foul Ball, location: 2F 2-2: Ball 3-2: Foul Ball, location: 2F 3-2: SINGLE (Line Drive, 78S)
|
Batting: LHB Melvin Castro
|
0-0: Ball 1-0: Fly out, F3 (Popup, 3SF)
|
Batting: LHB Dewitt Hopper
|
0-0: Ball 1-0: Ball 2-0: Fly out, F4 (Line Drive, 4)
|
Bottom of the 3rd over - 0 runs, 1 hit, 0 errors, 1 left on base; Brooklyn 1 - Chicago 2 |
TOP OF THE 4TH |
Brooklyn Dodgers batting - Pitching for Chicago Gold Sox : RHP Tom McKee
|
Batting: LHB Jérôme Masson
|
0-0: Called Strike 0-1: Ball 1-1: Foul Ball, location: 2F 1-2: Ball 2-2: Foul Ball, location: 2F 2-2: Strikes out swinging
|
Batting: LHB Manuel Carmona
|
0-0: Called Strike 0-1: Fly out, F9 (Flyball, 9S)
|
Batting: RHB Brent Ryan
|
0-0: Called Strike 0-1: Ball 1-1: Ball 2-1: Foul Ball, location: 2F 2-2: Fly out, F4 (Popup, 4)
|
Top of the 4th over - 0 runs, 0 hits, 0 errors, 0 left on base; Brooklyn 1 - Chicago 2 |
BOTTOM OF THE 4TH |
Chicago Gold Sox batting - Pitching for Brooklyn Dodgers : RHP Jesús Acosta
|
Batting: SHB Lupo Cotto
|
0-0: Foul Ball, location: 2F 0-1: Ball 1-1: Hit by Pitch
|
Batting: RHB Manuel Guillama
|
0-0: Fly out, F8 (Flyball, 8LS)
|
Batting: LHB Naohiro Sakai
|
0-0: Ball 1-0: Swinging Strike 1-1: Ball 2-1: Foul Ball, location: 2F 2-2: Ball 3-2: Foul Ball, location: 2F 3-2: Fielders Choice at 2nd, 1-6 (Groundball, 13)
|
Batting: RHB Ben Kennerly
|
0-0: Ground out 6-3 (Groundball, 6)
|
Bottom of the 4th over - 0 runs, 0 hits, 0 errors, 1 left on base; Brooklyn 1 - Chicago 2 |
TOP OF THE 5TH |
Brooklyn Dodgers batting - Pitching for Chicago Gold Sox : RHP Tom McKee
|
Batting: RHB Ulbert Sutkamp
|
0-0: Swinging Strike 0-1: Ground out U3 (Groundball, 34)
|
Batting: SHB Juan Rivas
|
0-0: Foul Ball, location: 2F 0-1: Ball 1-1: Ball 2-1: Called Strike 2-2: Ball 3-2: Base on Balls
|
Batting: RHB Chandler Bailey
|
0-0: Ball 1-0: Foul Ball, location: 2F 1-1: Ball 2-1: Called Strike 2-2: Hit by Pitch Juan Rivas to second
|
Batting: RHB Vincent Crane
|
0-0: Called Strike 0-1: Fly out, F8 (Flyball, 8LXD) Runner from 2nd tags up, SAFE at 3rd, no throw
|
Batting: LHB Ki-tak Im
|
0-0: Called Strike 0-1: Ball 1-1: Fly out, F8 (Flyball, 8LM)
|
Top of the 5th over - 0 runs, 0 hits, 0 errors, 2 left on base; Brooklyn 1 - Chicago 2 |
BOTTOM OF THE 5TH |
Chicago Gold Sox batting - Pitching for Brooklyn Dodgers : RHP Jesús Acosta
|
Batting: LHB Sergio Rodríguez
|
0-0: Ball 1-0: Foul Ball, location: 2F 1-1: SINGLE (Groundball, 34S) (infield hit)
|
Batting: LHB Stanley Belote
|
0-0: Ball 1-0: Ball 2-0: SINGLE (Groundball, 34D) Sergio Rodríguez to second Runner from 2nd tries for 3rd, SAFE, no throw
|
Batting: RHB Zeus Preckwinkle
|
0-0: Ball 1-0: Ball 2-0: SINGLE (Groundball, 56D) Sergio Rodríguez scores Stanley Belote to second
|
Batting: LHB Melvin Castro
|
0-0: Ball 1-0: Swinging Strike 1-1: Fly out, F9 (Flyball, 9S)
|
Batting: LHB Dewitt Hopper
|
0-0: Called Strike 0-1: Called Strike 0-2: Grounds into double play, 1-6-3 (Groundball, 13)
|
Bottom of the 5th over - 1 run, 3 hits, 0 errors, 1 left on base; Brooklyn 1 - Chicago 3 |
TOP OF THE 6TH |
Brooklyn Dodgers batting - Pitching for Chicago Gold Sox : RHP Tom McKee
|
Batting: LHB Mysterious Walker
|
0-0: Ball 1-0: Ball 2-0: Ball 3-0: Base on Balls
|
Batting: LHB Jérôme Masson
|
0-0: SINGLE (Groundball, 34D) Mysterious Walker to second Runner from 2nd tries for 3rd, SAFE, no throw
|
Batting: LHB Manuel Carmona
|
0-0: Called Strike 0-1: Ball 1-1: Ball 2-1: Fly out, F5 (Line Drive, 56)
|
Batting: RHB Brent Ryan
|
0-0: Called Strike 0-1: Ball 1-1: Swinging Strike 1-2: Foul Ball, location: 2F 1-2: Ball 2-2: Strikes out looking
|
Batting: RHB Ulbert Sutkamp
|
0-0: Ball 1-0: Ball 2-0: Ball 3-0: Base on Balls Jérôme Masson to second
|
Batting: SHB Juan Rivas
|
0-0: Called Strike Passed Ball! Mysterious Walker scores Jérôme Masson to third Ulbert Sutkamp to second 0-1: Ball 1-1: Ball 2-1: Foul Ball, location: 2F 2-2: Strikes out swinging
|
Top of the 6th over - 1 run, 1 hit, 0 errors, 2 left on base; Brooklyn 2 - Chicago 3 |
BOTTOM OF THE 6TH |
Chicago Gold Sox batting - Pitching for Brooklyn Dodgers : RHP Jesús Acosta
|
Batting: SHB Lupo Cotto
|
0-0: Called Strike 0-1: Ball 1-1: Swinging Strike 1-2: Ball 2-2: Strikes out swinging
|
Batting: RHB Manuel Guillama
|
0-0: Called Strike 0-1: Ball 1-1: Called Strike 1-2: Fly out, F5 (Popup, 5S)
|
Batting: LHB Naohiro Sakai
|
0-0: SINGLE (Groundball, 6D)
|
Batting: RHB Ben Kennerly
|
0-0: Fly out, F3 (Popup, 3S)
|
Bottom of the 6th over - 0 runs, 1 hit, 0 errors, 1 left on base; Brooklyn 2 - Chicago 3 |
TOP OF THE 7TH |
Brooklyn Dodgers batting - Pitching for Chicago Gold Sox : RHP Tom McKee
|
Batting: RHB Chandler Bailey
|
0-0: DOUBLE (Line Drive, 9LS)
|
Batting: RHB Vincent Crane
|
0-0: Foul Ball, location: 2F 0-1: Foul Ball, location: 2F 0-2: Strikes out looking
|
Batting: LHB Ki-tak Im
|
0-0: 2-RUN HOME RUN (Flyball, 9LD), Distance : 346 ft
|
Batting: LHB Mysterious Walker
|
0-0: Called Strike 0-1: Foul Ball, location: 2F 0-2: Ball 1-2: Foul Ball, location: 2F 1-2: Ball 2-2: Ball 3-2: DOUBLE (Flyball, 8LXD)
|
Batting: LHB Jérôme Masson
|
0-0: Called Strike 0-1: Ball 1-1: Ball 2-1: Foul Ball, location: 2F 2-2: Ball 3-2: SINGLE (Flyball, 7S) Mysterious Walker to third Runner from 3rd tries for Home, SAFE, no throw
|
Pitching: LHP Chris Rogers
|
|
Batting: LHB Manuel Carmona
|
0-0: SINGLE (Line Drive, 8LS) Jérôme Masson to second
|
Batting: RHB Brent Ryan
|
0-0: Ball 1-0: Foul Ball, location: 2F 1-1: Swinging Strike 1-2: Foul Ball, location: 2F 1-2: Ball 2-2: Strikes out swinging
|
Batting: RHB Ulbert Sutkamp
|
0-0: Swinging Strike 0-1: Ball 1-1: Ball 2-1: Fly out, F8 (Flyball, 8LM)
|
Top of the 7th over - 3 runs, 5 hits, 0 errors, 2 left on base; Brooklyn 5 - Chicago 3 |
BOTTOM OF THE 7TH |
Chicago Gold Sox batting - Pitching for Brooklyn Dodgers : RHP Jesús Acosta
|
Batting: LHB Sergio Rodríguez
|
0-0: Foul Ball, location: 2F 0-1: Fly out, F9 (Line Drive, 9)
|
Batting: LHB Stanley Belote
|
0-0: Ball 1-0: Ball 2-0: Ball 3-0: Base on Balls
|
Batting: RHB Zeus Preckwinkle
|
0-0: Ball 1-0: Foul Ball, location: 2F 1-1: Ball 2-1: Ball 3-1: SINGLE (Groundball, 25) (infield hit) Stanley Belote to second
|
Pitching: LHP Brandeis Vogt
|
|
Batting: LHB Melvin Castro
|
0-0: Grounds into double play, 4-6-3 (Groundball, 4)
|
Bottom of the 7th over - 0 runs, 1 hit, 0 errors, 1 left on base; Brooklyn 5 - Chicago 3 |
TOP OF THE 8TH |
Brooklyn Dodgers batting - Pitching for Chicago Gold Sox : LHP Chris Rogers
|
Batting: SHB Juan Rivas
|
0-0: Called Strike 0-1: Ball 1-1: Ball 2-1: Foul Ball, location: 2F 2-2: Fly out, F3 (Popup, 34)
|
Batting: RHB Chandler Bailey
|
0-0: Ball 1-0: Swinging Strike 1-1: Ball 2-1: Foul Ball, location: 2F 2-2: Strikes out swinging
|
Batting: RHB Vincent Crane
|
0-0: Ball 1-0: Ball 2-0: Ground out 3-1 (Groundball, 34S)
|
Top of the 8th over - 0 runs, 0 hits, 0 errors, 0 left on base; Brooklyn 5 - Chicago 3 |
BOTTOM OF THE 8TH |
Chicago Gold Sox batting - Pitching for Brooklyn Dodgers : LHP Brandeis Vogt
|
Batting: LHB Dewitt Hopper
|
0-0: Called Strike 0-1: Ball 1-1: SOLO HOME RUN (Flyball, 89XD), Distance : 426 ft
|
Batting: SHB Lupo Cotto
|
0-0: Ball 1-0: Foul Ball, location: 2F 1-1: Foul Ball, location: 2F 1-2: Strikes out swinging
|
Batting: RHB Manuel Guillama
|
0-0: Ball 1-0: Ball 2-0: Called Strike 2-1: Called Strike 2-2: Strikes out swinging
|
Batting: LHB Naohiro Sakai
|
0-0: Called Strike 0-1: Ball 1-1: Ball 2-1: Ball 3-1: Fly out, F4 (Line Drive, 4)
|
Bottom of the 8th over - 1 run, 1 hit, 0 errors, 0 left on base; Brooklyn 5 - Chicago 4 |
TOP OF THE 9TH |
Brooklyn Dodgers batting - Pitching for Chicago Gold Sox : LHP Chris Rogers
|
Batting: LHB Ki-tak Im
|
0-0: Ball 1-0: Foul Ball, location: 2F 1-1: SINGLE (Flyball, 7S)
|
Pinch Hitting: RHB Oliver Aranda
|
0-0: Ball 1-0: Bunted foul 1-1: Sac Bunt - play at first, batter OUT! 1-4 Ki-tak Im to second
|
Pinch Hitting: RHB Gustavo Mateo
|
0-0: Foul Ball, location: 2F 0-1: Ball 1-1: Foul Ball, location: 2F 1-2: Foul Ball, location: 2F 1-2: Ball 2-2: Strikes out swinging
|
Batting: LHB Manuel Carmona
|
0-0: Ball 1-0: Ground out 4-3 (Groundball, 4)
|
Top of the 9th over - 0 runs, 1 hit, 0 errors, 1 left on base; Brooklyn 5 - Chicago 4 |
BOTTOM OF THE 9TH |
Chicago Gold Sox batting - Pitching for Brooklyn Dodgers : LHP Brandeis Vogt
|
Pitching: LHP Sjaak Bonne
|
|
Now in CF: Oliver Aranda
|
|
Now in RF: Avon Barksdale
|
|
Batting: RHB Ben Kennerly
|
0-0: Ball 1-0: Called Strike 1-1: DOUBLE (Flyball, 7LD)
|
Pinch Hitting: RHB Matt Love
|
0-0: Ball 1-0: Ball 2-0: Foul Ball, location: 2F 2-1: Foul Ball, location: 2F 2-2: Fly out, F1 (Line Drive, 13)
|
Batting: LHB Stanley Belote
|
0-0: Ball 1-0: Ball 2-0: Foul Ball, location: 2F 2-1: Foul Ball, location: 2F 2-2: DOUBLE (Flyball, 8LXD) Ben Kennerly scores
|
Batting: RHB Zeus Preckwinkle
|
0-0: Called Strike 0-1: Ball 1-1: Called Strike 1-2: Ball 2-2: Foul Ball, location: 2F 2-2: Strikes out looking
|
Batting: LHB Melvin Castro
|
0-0: Called Strike 0-1: Ball 1-1: Foul Ball, location: 2F 1-2: Foul Ball, location: 2F 1-2: Ball 2-2: Ball 3-2: Foul Ball, location: 2F 3-2: Base on Balls
|
Batting: LHB Dewitt Hopper
|
0-0: Ball 1-0: Called Strike 1-1: Called Strike 1-2: Foul Ball, location: 2F 1-2: Ball 2-2: Ball 3-2: SINGLE (Flyball, 9S) Stanley Belote to third Melvin Castro to second Stanley Belote scores
|
Tuesday, December 19th, 2017 - OOTP Baseball 18.8 Build 76
|
|